 Dungeon Crawl Stone Soup version 0.30-a0-1043-g60ff8d5f49 (webtiles) character file.

Game seed: 3052223088742282602

1356 bande the Chopper (level 8, -4/49 HPs)
             Began as a Gargoyle Fighter on Apr 10, 2023.
             Was an Initiate of Okawaru.
             Slain by an ogre
             ... wielding a +0 giant club
              (17 damage)
             ... on level 5 of the Dungeon.
             The game lasted 00:11:19 (4728 turns).

bande the Chopper (Gargoyle Fighter)                Turns: 4728, Time: 00:11:20

Health: -4/49      AC: 19    Str: 21    XL:     8   Next: 64%
Magic:  9/9        EV:  9    Int:  8    God:    Okawaru [......]
Gold:   114        SH:  5    Dex: 11    Spells: 7/7 levels left

rFire   . . .      SeeInvis .    a - +1 war axe
rCold   . . .      Faith    .    c - +0 buckler
rNeg    + . .      Spirit   .    b - +0 scale mail
rPois   ∞          Reflect  .    g - +1 helmet
rElec   +          Rampage  .    (no cloak)
rCorr   .                        (no gloves)
Will    .....                    (no boots) Stlth
                                 (no amulet)
HPRegen 0.28/turn                i - +4 ring of protection
MPRegen 0.11/turn                w - ring of flight

@: flying
A: sickness immunity, AC +5, negative energy resistance 1, electricity
resistance, torment resistance 1, petrification resistance
a: Renounce Religion


You were on level 5 of the Dungeon.
You worshipped Okawaru.
Okawaru was noncommittal.
You visited 2 branches of the dungeon, and saw 6 of its levels.

You collected 174 gold pieces.
You spent 60 gold pieces at shops.

Inventory:

Hand Weapons
 a - a +1 war axe (weapon)
 m - a +0 war axe
 s - a +0 flail
Missiles
 o - 2 throwing nets (quivered)
Armour
 b - a +0 scale mail (worn)
 c - a +0 buckler (worn)
 g - a +1 helmet (worn)
Jewellery
 i - a +4 ring of protection (left hand)
 w - a ring of flight (right hand)
Wands
 d - a wand of flame (28)
 p - a wand of iceblast (8)
Scrolls
 h - 2 scrolls of fear
 j - a scroll of amnesia
 l - 3 scrolls of identify
Potions
 e - a potion of magic
 f - 3 potions of flight
 k - a potion of lignification
 n - 2 potions of berserk rage
 q - a potion of might
 r - a potion of curing
 u - a potion of mutation
 v - a potion of heal wounds


   Skills:
 + Level 5.2 Fighting
 + Level 6.6 Axes
 + Level 5.7 Armour
 - Level 0.2 Stealth
 + Level 4.8 Shields
 * Level 2.3 Invocations
 * Level 1.9 Evocations


You had 7 spell levels left.
You didn't know any spells.
Your spell library contained the following spells:

 Spells                   Type           Power      Damage    Failure   Level
 Sting                    Tmut/Pois      0%         1d3       82%         1
 Poisonous Vapours        Pois/Air       0%         N/A       91%         2
 Gell's Gravitas          Tloc           0%         N/A       99%         3
 Teleport Other           Tloc           0%         N/A       99%         3
 Olgreb's Toxic Radiance  Pois           0%         N/A       100%        4
 Dispersal                Tloc           0%         N/A       100%        6


Dungeon Overview and Level Annotations

Branches:
Dungeon (5/15)             Temple (1/1) D:5

Altars:
Ashenzari
Cheibriados
Dithmenos
Fedhas
Gozag
Nemelex Xobeh
Okawaru
Ru
Sif Muna
Yredelemnul

Shops:
D:5 !


Innate Abilities, Weirdness & Mutations

You are immune to sickness and miasma.
Your stone body is resilient. (AC +5)
You are immune to poison.
You resist negative energy. (rN+)
You are resistant to electric shocks. (rElec)
You are resistant to unholy torment.
You are immune to petrification.


Message History

You kill the adder!
Okawaru accepts your kill.
You hit the goblin. You block the goblin's attack.
The goblin barely misses you.
Unknown command.
You miss the goblin. x2; You barely miss the goblin.
The goblin hits you with a +0 dagger.
The goblin unwields a +0 sling.
The goblin wields a +0 club.
The goblin hits you but does no damage.
You slash the goblin!
You kill the goblin!
You closely miss the goblin. You hit the goblin.
You kill the goblin!
Okawaru accepts your kill.
You hit the goblin.
You kill the goblin!
Okawaru accepts your kill. The goblin hits you but does no damage.
You slice the goblin!!
You kill the goblin!
Okawaru accepts your kill.
You barely miss the goblin. The goblin barely misses you.
Unknown command.
You barely miss the goblin. You closely miss the goblin. You hit the ogre.
The sentinel's mark upon you fades away.
The goblin hits you but does no damage.
The ogre hits you with a +0 giant club!!
The goblin closely misses you. You block the goblin's attack.
Unknown command.
You slash the goblin!
You kill the goblin!
You barely miss the goblin. You hit the goblin. You hit the ogre.
The goblin completely misses you. The ogre hits you with a +0 giant club!
* * * LOW HITPOINT WARNING * * *
The goblin hits you but does no damage.
The goblin unwields a +0 club.
The goblin wields a +0 sling.
The goblin shoots a sling bullet.
The sling bullet hits you but does no damage.
The goblin hits you with a +0 club.
* * * LOW HITPOINT WARNING * * *
The ogre hits you with a +0 giant club!
You die...

##......###.........#.....##
#.###.......###......).###
###§#......##.#...######.#####
#§§§....##.##.....+ #......
####§########........# #.##...
......#####...##.#.#.# #.#....
....<.##....####.....# #.#....
.........####
##.g##.######...>.. ......####
#O@g# ........÷<... ...[..#
#..g..# #......#[[.. ......#
.........# ....#...... ......#
.......... #####.[.).. #######
........##. #..........
......... .....###.##...
........# #. #.###.. ........#
#. #.##### #...#


You could see an ogre and 3 goblins.

Vanquished Creatures
  Sigmund (D:3)
  Eustachio (D:4)
  2 black bears (D:5)
  An ogre (D:5)
  A centaur (D:5)
  A scorpion (Temple)
  A howler monkey (D:4)
  5 hounds
  An orc priest (D:5)
  Ijyb (D:3)
  2 iguanas
  2 orc wizards (D:5)
  Robin (D:2)
  7 gnolls
  7 adders
  3 ufetubi (D:5)
  4 worms
  3 dart slugs
  6 orcs
  9 endoplasms
  3 giant cockroaches
  14 goblins
  12 hobgoblins
  9 jackals
  9 kobolds
  2 quokkas (D:2)
  9 ball pythons
  9 bats
  3 frilled lizards
  9 rats
138 creatures vanquished.

Vanquished Creatures (others)
  A plant (D:5)
1 creature vanquished.

Grand Total: 139 creatures vanquished

Notes
Turn   | Place    | Note
-------+----------+-------------------------------------------
     0 | D:1      | bande the Gargoyle Fighter began the quest for the Orb.
     0 | D:1      | Reached XP level 1. HP: 14/14 MP: 1/1
    89 | D:1      | Reached XP level 2. HP: 12/19 MP: 2/2
   134 | D:1      | Reached skill level 2 in Axes
   365 | D:1      | Reached XP level 3. HP: 23/23 MP: 3/3
  1125 | D:2      | Noticed Robin
  1132 | D:2      | HP: 1/23 [goblin/+0 club[Robin] (3)]
  1144 | D:2      | Killed Robin
  1147 | D:2      | Reached XP level 4. HP: 22/29 MP: 4/4
  1355 | D:2      | Reached skill level 3 in Axes
  1545 | D:2      | Found a faded altar of an unknown god.
  2015 | D:3      | Noticed Sigmund
  2024 | D:3      | Killed Sigmund
  2025 | D:3      | Reached skill level 4 in Axes
  2025 | D:3      | Reached XP level 5. HP: 12/33 MP: 5/5
  2025 | D:3      | Reached XP level 6. HP: 14/38 MP: 6/6
  2233 | D:3      | Noticed Ijyb
  2251 | D:3      | Killed Ijyb
  2357 | D:3      | Found a snail-covered altar of Cheibriados.
  2736 | D:4      | Found a basalt altar of Yredelemnul.
  2746 | D:4      | Noticed Eustachio
  2773 | D:4      | Killed Eustachio
  2774 | D:4      | Reached skill level 5 in Axes
  2774 | D:4      | Reached XP level 7. HP: 16/44 MP: 7/7
  3081 | D:4      | HP: 1/44 [gnoll/+0 halberd (7)]
  3491 | D:4      | Reached skill level 5 in Armour
  4048 | D:5      | Entered Level 5 of the Dungeon
  4048 | D:5      | Found a staircase to the Ecumenical Temple.
  4057 | Temple   | Entered the Ecumenical Temple
  4097 | Temple   | Became a worshipper of Warmaster Okawaru
  4250 | D:5      | Reached XP level 8. HP: 48/48 MP: 8/8
  4258 | D:5      | Reached skill level 6 in Axes
  4258 | D:5      | Reached skill level 1 in Invocations
  4321 | D:5      | Reached skill level 5 in Fighting
  4321 | D:5      | Reached skill level 1 in Evocations
  4489 | D:5      | Found Nist's Distillery.
  4511 | D:5      | Bought a potion of heal wounds for 60 gold pieces
  4555 | D:5      | Found a shimmering blue altar of Sif Muna.
  4728 | D:5      | Slain by an ogre

Illustrated notes

Levels and vault maps discovered:
D:1:      dpeg_arrival_rooms_c, layout_basic
D:2:      minmay_thinvault, layout_basic, ebering_ecumenical_altar_webs,
          minmay_tetromino_o4, uniq_robin
D:3:      layout_rooms, kennysheep_slug_shrine, uniq_ijyb, uniq_sigmund
D:4:      layout_gridville, mainiacjoe_overflow_concentric_impassable,
          uniq_eustachio
D:5:      layout_rooms, nicolae_sif_muna_condensation, general_overflow_altar,
          minmay_temple_entry_overgrown, serial_shops, nicolae_shop_trees,
          minmay_ogre_servants
Temple:   dshaligram_water_room_temple

Skill      XL: |  1  2  3  4  5  6  7  8 |
---------------+-------------------------+-----
Axes           | 2 4 5 6 |  6.6
Armour         | 4 5 |  5.7
Fighting       | 4 5 |  5.2
Shields        | 4 |  4.8
Invocations    | 2 |  2.3
Evocations     | 1 |  1.9
Stealth        | |  0.2

Action                     |  1- 3 |  4- 6 |  7- 9 || total
---------------------------+-------+-------+-------++-------
  Melee: War axe           |   113 |   165 |   150 ||   428
    Use: Potion            |     1 |     1 |       ||     2
         Scroll            |       |    13 |     3 ||    16
 Armour: Scale mail        |    72 |   120 |   148 ||   340
  Dodge: Dodged            |    46 |   114 |    99 ||   259
  Block: Buckler           |    22 |    40 |    57 ||   119

Table legend: (Time is in decaauts)
 A = Elapsed time spent in this place.
 B = Non-inter-level travel time spent in this place.
 C = Inter-level travel time spent in this place.
 D = Time resting spent in this place.
 E = Time spent auto-exploring this place.
 F = Levels seen in this place.
 G = Mean time per level.
                   A        B        C        D        E       F      G
               +--------+--------+--------+--------+--------+-----+--------+
         Total |   4882 |   4726 |    156 |    923 |   2660 |   6 |  813.7 |
       Dungeon |   4818 |   4662 |    156 |    923 |   2644 |   5 |  963.6 |
        Temple |     63 |     63 |      0 |      0 |     16 |   1 |   63.0 |
               +--------+--------+--------+--------+--------+-----+--------+

Top non-repeatable levels by time:
     D:2: 1276 daAuts
     D:4: 1178 daAuts
     D:3: 954 daAuts
     D:1: 822 daAuts
     D:5: 587 daAuts
  Temple: 63 daAuts
